AoeStats
← Por mi novia

Arabia

509119154Analyzed
2v2 RM · 6d ago on Sep 25, 2026· 17m 12s· 4 players
Game mode
Random Map
Map size
Medium (4 player)
Population
200
Speed
Normal
Resources
Standard
Victory
Conquest
Starting age
Dark Age
Ending age
Imperial Age
RankedLock teamsTeams togetherTeam positionsShared explorationLock speedFull tech treeHidden civsTurbo modeCheats
Victory
Defeat
🇹🇼 Britons · Taiwan
1411
+11
🇹🇼 Magyars · Taiwan
1273
+16
🇨🇴 Burgundians · Colombia
1348
-16
🇨🇴 Maya · Colombia
1227
-11
來都來了
6:43 Loom
9:28 Feudal Age
10:06 Double-Bit Axe
14:01 Horse Collar
16:35 Town Watch
jeff011095
6:40 Loom
8:54 Feudal Age
14:39 Fletching
manufrostmure
3:56 Loom
7:23 Loom
10:16 Feudal Age
10:56 Double-Bit Axe
Por mi novia
0:28 Loom
9:44 Feudal Age
13:29 Double-Bit Axe
Connection lost

Rejoining the realm…

Still unreachable

The connection could not be restored.

Session expired

The server has moved on; the page needs a fresh start.